 Dungeon Crawl Stone Soup version 0.31.0-9-g3a7656b989 (webtiles) character file.

Game seed: 13908444345762634100

88 qw the Shooter (level 4, -12/36 HPs)
             Began as a Demigod Hunter on Feb 2, 2024.
             Mangled by an ice beast (13 damage)
             ... on level 5 of the Dungeon.
             The game lasted 00:00:06 (1468 turns).

qw the Shooter (Demigod Hunter)                     Turns: 1468, Time: 00:00:06

Health: -12/36     AC:  5    Str: 16    XL:     4   Next: 8%
Magic:  6/6        EV: 12    Int: 10    God:
Gold:   159        SH:  0    Dex: 20    Spells: 3/3 levels left

rFire   + . .        a - +1 shortbow
rCold   . . .        (shield currently unavailable)
rNeg    . . .        e - +0 ring mail
rPois   .            (no helmet)
rElec   .            (no cloak)
rCorr   .            (no gloves)
SInv    .            (no boots)
Will    .....        (no amulet)
Stlth   +            (no ring)
HPRegen 0.26/turn    (no ring)
MPRegen 0.10/turn

%: no passive effects
@: no status effects
A: high MP 1, forlorn, divine attributes, fire resistance 1, strong 1
a: no special abilities


You were on level 5 of the Dungeon.
You visited 1 branch of the dungeon, and saw 4 of its levels.

You collected 159 gold pieces.


Innate Abilities, Weirdness & Mutations

You have an increased reservoir of magic. (+10% MP)
You shall have no god before yourself.
Your divine heritage dramatically boosts your attributes as you level up.
Your flesh is heat resistant. (rF+)
Your muscles are strong. (Str +4, Int/Dex -1)


   Skills:
 - Level 2.0 Fighting
 + Level 4.8 Ranged Weapons
 - Level 2.6 Dodging
 - Level 0.8 Stealth


You had 3 spell levels left.
You didn't know any spells.
Your spell library was empty.

Inventory:

Hand Weapons
 a - a +1 shortbow (weapon)
Armour
 e - a +0 ring mail (worn)
Scrolls
 b - a scroll of fog {unknown}
 k - a scroll of teleportation {unknown}
 m - a scroll of blinking {unknown}
Potions
 c - a potion of lignification {unknown}
 d - a potion of cancellation
 f - a potion of enlightenment {unknown}
 g - a potion of mutation
 h - a potion of invisibility {unknown}
 i - 2 potions of might {unknown}
 j - a potion of heal wounds {unknown}
 l - a potion of ambrosia {unknown}

Dungeon Overview and Level Annotations

Branches:
Dungeon (5/15)
 Temple: D:4-7

Annotations:
D:2 1 runed translucent door, Crazy Yiuf
D:5 Sigmund


Message History

The shaft crumbles and collapses.
Found a stone staircase leading down.
Waypoint 3 assigned to D:5.
An ice beast comes into view.
The ice beast moves out of view.
Sigmund the Dreaded comes into view.
He is wielding a +0 scythe.
Found a silver ring.
You shoot an arrow. The arrow hits Sigmund.
Sigmund shouts!
Sigmund is lightly wounded.
You shoot an arrow. The arrow hits Sigmund.
Sigmund is moderately wounded.
You shoot an arrow.
The arrow hits the ice beast but does no damage.
You shoot an arrow. The arrow closely misses the ice beast.
You shoot an arrow.
The arrow hits the ice beast but does no damage.
You shoot an arrow.
The arrow completely misses the ice beast.
A hound comes into view.
The ice beast hits you. The ice beast freezes you!
Sigmund casts a spell.
Sigmund flickers and vanishes!
Deactivating autopickup; reactivate with Ctrl-A.
The hound barks!
You shoot an arrow. The arrow hits the ice beast.
The ice beast is lightly wounded.
You hear a shout!
The ice beast closely misses you. Something hits you! The hound misses you.
The ice beast hits you. The ice beast freezes you!
You shoot an arrow.
The arrow hits the ice beast but does no damage.
The ice beast is lightly wounded.
The hound barely misses you. Something hits you but does no damage.
The hound bites you. The ice beast completely misses you.
A jelly comes into view.
1468 ||| RETREEEEATING.
You shoot an arrow. The arrow barely misses the ice beast.
The hound bites you. The ice beast hits you. The ice beast freezes you!
You die...

.. . . #.
#.# #..###
#...## #
###Y.###...#
#...@....#
#.##.h{.....
...
###.....#
.## .#.... #
J#... ....#
.. # ..=


You could see an ice beast, a hound and a jelly.

Vanquished Creatures
  Jessica (D:2)
  An adder (D:3)
  7 bats
  5 endoplasms
  4 giant cockroaches
  4 goblins
  2 hobgoblins
  4 jackals (D:2)
  6 kobolds
  2 quokkas (D:2)
  6 ball pythons
  2 frilled lizards (D:2)
  2 rats (D:1)
46 creatures vanquished.

Notes
Turn   | Place    | Note
-------+----------+-------------------------------------------
     0 | D:1      | qw the Demigod Hunter began the quest for the Orb.
     0 | D:1      | Reached XP level 1. HP: 17/17 MP: 3/3
     0 | D:1      | 0 ||| qw: Version: 0.3-a-155-g5e7d8dd
     0 | D:1      | 0 ||| qw: Game counter: 128
     0 | D:1      | 0 ||| qw: Melee chars always use a shield: true
     0 | D:1      | 0 ||| qw: God list: Okawaru
     0 | D:1      | 0 ||| qw: Allow faded altars: false
     0 | D:1      | 0 ||| qw: Do Orc after clearing Dungeon:15 true
     0 | D:1      | 0 ||| qw: Do second Lair branch before Depths: true
     0 | D:1      | 0 ||| qw: Lair rune preference: random
     0 | D:1      | 0 ||| qw: Goals: Normal
     0 | D:1      | 0 ||| PLANNING D:1-11
    60 | D:1      | Reached skill level 4 in Ranged Weapons
   137 | D:1      | Reached XP level 2. HP: 24/24 MP: 4/4
   595 | D:1      | 595 ||| READING scroll labelled EMETIMNAR TYLA.
   595 | D:1      | 595 ||| ENCHANTING +0 shortbow.
   596 | D:1      | 596 ||| READING scroll labelled CARCHE KORYNT.
   596 | D:1      | 596 ||| IDENTIFYING metallic cyan potion
   597 | D:1      | 597 ||| DRINKING 2 murky purple potions.
   597 | D:1      | Gained mutation: Your flesh is heat resistant. (rF+)
                  | [potion of mutation]
   597 | D:1      | Gained mutation: Your muscles are strong. (Str +4, Int/Dex
                  | -1) [potion of mutation]
   598 | D:1      | 598 ||| DROPPING scroll of butterflies.
   611 | D:2      | 611 ||| STAIRDANCE
   843 | D:2      | Reached XP level 3. HP: 29/29 MP: 5/5
   871 | D:2      | Noticed Jessica
   879 | D:2      | Killed Jessica
  1292 | D:2      | Found a runed translucent door.
  1293 | D:2      | Noticed Crazy Yiuf
  1352 | D:2      | 1352 ||| UPGRADING to +0 ring mail.
  1362 | D:2      | 1362 ||| DROPPING +0 leather armour.
  1363 | D:2      | 1363 ||| READING 2 scrolls labelled HOFI KIOCUNNU.
  1364 | D:2      | 1364 ||| DROPPING scroll of revelation.
  1428 | D:3      | Reached XP level 4. HP: 36/36 MP: 6/6
  1457 | D:3      | You fall into a shaft and drop 2 floors!
  1457 | D:5      | Entered Level 5 of the Dungeon
  1458 | D:5      | Noticed an ice beast
  1459 | D:5      | Noticed Sigmund
  1466 | D:5      | HP: 8/36 [ice beast (7)]
  1468 | D:5      | 1468 ||| RETREEEEATING.
  1468 | D:5      | HP: 2/36 [hound (4)]
  1468 | D:5      | Mangled by an ice beast

Levels and vault maps discovered:
D:1:      dpeg_arrival_tiny_f, layout_basic, chequers_ecumenical_altar_simple
D:2:      layout_loops_cross, uniq_jessica, uniq_crazy_yiuf_cottage
D:3:      layout_rooms, mainiacjoe_overflow_paths, minmay_misc_feat_alley
D:5:      layout_rooms, okawaru_gym_becter, lemuel_crystal_altar,
          gammafunk_temple_overflow_wave, uniq_sigmund, uniq_blork_the_orc,
          uniq_eustachio

Skill      XL: |  1  2  3 |
---------------+----------+-----
Ranged Weapons | 4 |  4.8
Fighting       | 2 |  2.0
Dodging        | 2 |  2.6
Stealth        | |  0.8

Action                     |  1- 3 |  4- 6 || total
---------------------------+-------+-------++-------
   Fire: Shortbow          |    94 |     9 ||   103
    Use: Scroll            |     3 |       ||     3
         Potion            |     1 |       ||     1
 Armour: Leather armour    |    22 |       ||    22
         Ring mail         |       |     7 ||     7
  Dodge: Dodged            |    24 |     4 ||    28

Table legend:
 A = Non-vault XP
 B = Vault XP
 C = Vault XP percentage of total XP
 D = Non-vault monster count
 E = Vault monster count
 F = Vault count percentage of total count
                 A         B        C        D         E       F
            +---------+---------+-------+---------+---------+-------
      Total |      89 |      37 |  29.4 |      45 |       1 |   2.2
            +---------+---------+-------+---------+---------+-------
        D:1 |      29 |       0 |   0.0 |      17 |       0 |   0.0
        D:2 |      41 |      37 |  47.4 |      24 |       1 |   4.0
        D:3 |      19 |       0 |   0.0 |       4 |       0 |   0.0
            +---------+---------+-------+---------+---------+-------
